 Dungeon Crawl Stone Soup version 0.31.0-9-g3a7656b989 (webtiles) character file.

Game seed: 7648430379943507717

110 qw the Ducker (level 4, 0/22 HPs)
             Began as a Spriggan Hunter on Feb 2, 2024.
             Frozen to death by an endoplasm (5 damage)
             ... on level 3 of the Dungeon.
             The game lasted 00:00:06 (1539 turns).

qw the Ducker (Spriggan Hunter)                     Turns: 1539, Time: 00:00:06

Health: 0/22       AC:  2    Str:  7    XL:     4   Next: 61%
Magic:  5/5        EV: 20    Int: 10    God:
Gold:   82         SH:  0    Dex: 20    Spells: 3/3 levels left

rFire   . . .        a - +0 shortbow
rCold   . . .        (shield currently unavailable)
rNeg    . . .        c - +0 robe
rPois   .            (helmet restricted)
rElec   .            (no cloak)
rCorr   .            (gloves unavailable)
SInv    +            (boots unavailable)
Will    .....        (no amulet)
Stlth   ++           (no ring)
HPRegen 0.23/turn    (no ring)
MPRegen 0.09/turn

%: no passive effects
@: very quick
A: very small, no large weapons, unfitting armour, see invisible, speed 3
a: no special abilities


You were on level 3 of the Dungeon.
You visited 1 branch of the dungeon, and saw 3 of its levels.

You collected 82 gold pieces.


Innate Abilities, Weirdness & Mutations

You are very small and have problems with some larger weapons.
You are too small for most types of armour.
You have supernaturally acute eyesight. (SInv)
You cover ground extremely quickly. (Speed+++)


   Skills:
 + Level 1.6 Fighting
 - Level 5.0 Ranged Weapons
 - Level 5.1 Dodging
 - Level 1.5 Stealth


You had 3 spell levels left.
You didn't know any spells.
Your spell library was empty.

Inventory:

Hand Weapons
 a - a +0 shortbow (weapon)
Armour
 c - a +0 robe (worn)
Potions
 d - a potion of mutation
 g - a potion of curing

Dungeon Overview and Level Annotations

Branches:
Dungeon (3/15)

Altars:


Message History

The bat completely misses you. The endoplasm hits you. The gnoll misses you.
The gnoll barely misses you. The bat barely misses you. The gnoll misses you.
The endoplasm barely misses you. The gnoll misses you.
You shoot an arrow.
The arrow barely misses the ribbon worm.
The arrow closely misses the gnoll.
The bat completely misses you. The bat hits you. The ribbon worm misses you.
The gnoll barely misses you. The endoplasm completely misses you.
The gnoll closely misses you.
You shoot an arrow. The arrow hits the ribbon worm.
The ribbon worm is almost dead.
The bat completely misses you.
The ribbon worm expels a string of sticky webbing.
The stream of webbing misses you. The gnoll closely misses you.
The endoplasm closely misses you. The gnoll closely misses you.
You shoot an arrow. The arrow hits the ribbon worm.
You kill the ribbon worm!
The bat completely misses you. The bat misses you.
The gnoll completely misses you. The gnoll closely misses you.
The endoplasm completely misses you.
You shoot an arrow. The arrow hits the gnoll.
The gnoll is lightly wounded.
The bat barely misses you. The gnoll closely misses you. The gnoll misses you.
The endoplasm freezes you.
You are frozen.
You shoot an arrow. The arrow closely misses the gnoll.
The bat closely misses you. The endoplasm misses you.
The gnoll closely misses you. The gnoll misses you.
You shoot an arrow. The arrow closely misses the gnoll.
The bat completely misses you. The endoplasm hits you.
The gnoll completely misses you. The gnoll closely misses you.
The bat hits you but does no damage.
You shoot an arrow. The arrow hits the gnoll!
The gnoll is severely wounded.
The bat misses you. The endoplasm misses you.
The gnoll hits you with a +0 whip! The gnoll closely misses you.
The gnoll barely misses you. The gnoll completely misses you.
The endoplasm freezes you.
You are frozen.
You die...

####### #.....# #
#..%..# ..
#.....#### ...
#........# ...#
#...<.##.## .....
#.........#.....<
#...####..@J..%...
#.#. ##bg......# #
# #....g....#
#......)....
###.........
+.........
#.......##
........#


You could see 2 gnolls, an endoplasm and a bat.

Vanquished Creatures
  2 gnolls (D:3)
  An adder (D:2)
  A dart slug (D:2)
  2 ribbon worms
  7 bats
  5 endoplasms
  A giant cockroach (D:2)
  6 goblins
  3 hobgoblins
  16 jackals
  A quokka (D:2)
  5 ball pythons
  3 frilled lizards (D:2)
  9 kobolds
  7 rats
69 creatures vanquished.

Notes
Turn   | Place    | Note
-------+----------+-------------------------------------------
     0 | D:1      | qw the Spriggan Hunter began the quest for the Orb.
     0 | D:1      | Reached XP level 1. HP: 10/10 MP: 2/2
     0 | D:1      | 0 ||| qw: Version: 0.3-a-155-g5e7d8dd
     0 | D:1      | 0 ||| qw: Game counter: 1028
     0 | D:1      | 0 ||| qw: Melee chars always use a shield: true
     0 | D:1      | 0 ||| qw: God list: Okawaru
     0 | D:1      | 0 ||| qw: Allow faded altars: false
     0 | D:1      | 0 ||| qw: Do Orc after clearing Dungeon:15 true
     0 | D:1      | 0 ||| qw: Do second Lair branch before Depths: true
     0 | D:1      | 0 ||| qw: Lair rune preference: random
     0 | D:1      | 0 ||| qw: Goals: Normal
     0 | D:1      | 0 ||| PLANNING D:1-11
    80 | D:1      | Reached skill level 3 in Dodging
   210 | D:1      | 210 ||| RETREEEEATING.
   214 | D:1      | Reached XP level 2. HP: 11/14 MP: 3/3
   333 | D:1      | Reached XP level 3. HP: 18/18 MP: 4/4
   672 | D:1      | Found a faded altar of an unknown god.
   677 | D:1      | 677 ||| READING scroll labelled CAC IQEAXOSH.
   678 | D:1      | 678 ||| READING scroll labelled INO TOSUSIASY.
   678 | D:1      | 678 ||| IDENTIFYING emerald potion
   679 | D:1      | 679 ||| DROPPING scroll of butterflies.
  1002 | D:2      | Reached XP level 4. HP: 22/22 MP: 5/5
  1383 | D:2      | 1383 ||| READING 2 scrolls of identify.
  1383 | D:2      | 1383 ||| IDENTIFYING bubbling cyan potion
  1384 | D:2      | 1384 ||| READING scroll of identify.
  1384 | D:2      | 1384 ||| IDENTIFYING cyan potion
  1385 | D:2      | 1385 ||| READING scroll labelled OMAVVO TORAT.
  1386 | D:2      | 1386 ||| READING scroll labelled OZIPLA XO HYSH.
  1487 | D:2      | 1487 ||| READING scroll labelled XICVEL LOWENAG.
  1530 | D:3      | HP: 4/22 [ribbon worm (6)]
  1531 | D:3      | 1531 ||| DRINKING potion of heal wounds.
  1539 | D:3      | HP: 5/22 [gnoll/+0 whip (8)]
  1539 | D:3      | Frozen to death by an endoplasm

Levels and vault maps discovered:
D:1:      dpeg_arrival_simpleton_a, layout_basic,
          shapermc_ecumenical_altar_hornbeckon, hangedman_decor_peaks_small,
          minmay_strange_pillars
D:2:      wad_crossroads, layout_loops_ring
D:3:      layout_rooms, serial_shops, nicolae_shop_rolling_square,
          chequers_serial_rivers_small_b, minmay_misc_feat_rugged

Skill      XL: |  1  2  3  4 |
---------------+-------------+-----
Dodging        | 3 4 5 |  5.1
Ranged Weapons | 5 |  5.0
Fighting       | |  1.6
Stealth        | |  1.5

Action                     |  1- 3 |  4- 6 || total
---------------------------+-------+-------++-------
   Fire: Shortbow          |   125 |    55 ||   180
    Use: Scroll            |     2 |     5 ||     7
         Potion            |       |     1 ||     1
 Armour: Robe              |    16 |    13 ||    29
  Dodge: Dodged            |    64 |    61 ||   125

Table legend:
 A = Non-vault XP
 B = Vault XP
 C = Vault XP percentage of total XP
 D = Non-vault monster count
 E = Vault monster count
 F = Vault count percentage of total count
                 A         B        C        D         E       F
            +---------+---------+-------+---------+---------+-------
      Total |     140 |      18 |  11.4 |      65 |       4 |   5.8
            +---------+---------+-------+---------+---------+-------
        D:1 |      51 |       0 |   0.0 |      32 |       0 |   0.0
        D:2 |      52 |      18 |  25.7 |      28 |       4 |  12.5
        D:3 |      37 |       0 |   0.0 |       5 |       0 |   0.0
            +---------+---------+-------+---------+---------+-------
